 Dungeon Crawl Stone Soup version 0.29.1-15-g9cfb28693d (webtiles) character file.

Game seed: 11682166186199280359

92 protoss039 the Digger (level 4, -4/33 HPs)
             Began as a Demonspawn Earth Elementalist on Mar 29, 2023.
             Constricted to death by Ijyb (7 damage)
             ... on level 3 of the Dungeon.
             The game lasted 00:02:42 (2334 turns).

protoss039 the Digger (DsEE)                        Turns: 2334, Time: 00:02:42

Health: -4/33      AC:  4    Str:  9    XL:     4   Next: 35%
Magic:  3/8        EV:  9    Int: 18    God:
Gold:   97         SH:  0    Dex: 13    Spells: 2/8 levels left

rFire   . . .      SeeInvis .   p - +2 dagger (speed)
rCold   . . .      Faith    .   (no shield)
rNeg    . . .      Spirit   .   a - +0 robe
rPois   .          Reflect  .   (no helmet)
rElec   .          Harm     .   (no cloak)
rCorr   .          Rampage  .   (no gloves)
Will    .....      Clarity  +   (no boots)
Stlth   ++........              (no amulet)
HPRegen 0.11/turn               (no ring)
MPRegen 0.11/turn               (no ring)

@: lethally poisoned (-4 -> -24), grasped by roots, constricted
A: yellow scales 1, hooves 1, clarity, subdued magic 1
a: no special abilities


You were on level 3 of the Dungeon.
You visited 1 branch of the dungeon, and saw 3 of its levels.

You collected 97 gold pieces.

Inventory:

Hand Weapons
 c - a +0 dagger
 n - a +3 trident
 p - a +2 dagger of speed (weapon)
Missiles
 i - 2 curare-tipped darts
Armour
 a - a +0 robe (worn)
Jewellery
 l - a ring of protection from cold
Scrolls
 d - a scroll of immolation
 e - 2 scrolls of identify
 f - a scroll of brand weapon
 g - a scroll of vulnerability {unknown}
 h - a scroll of butterflies {unknown}
 j - 2 scrolls of magic mapping {unknown}
 k - 2 scrolls of torment {unknown}
 q - a scroll of enchant armour {unknown}
Potions
 b - a potion of magic


   Skills:
 + Level 2.1 Fighting
 - Level 1.7 Dodging
 - Level 1.7 Stealth
 + Level 2.9 Spellcasting
 - Level 0.8 Transmutations
 + Level 3.5 Earth Magic


You had 2 spell levels left.
You knew the following spells:

 Your Spells              Type           Power      Damage    Failure   Level
a - Sandblast             Erth           22%        2d7       2%          1
b - Passwall              Tmut/Erth      6%         N/A       8%          2
c - Stone Arrow           Conj/Erth      12%        3d7       21%         3

Your spell library contained the following spells:

 Spells                   Type           Power      Damage    Failure   Level
 Confusing Touch          Hex            2%         N/A       41%         3
 Petrify                  Tmut/Erth      8%         N/A       50%         4


Dungeon Overview and Level Annotations

Branches:
Dungeon (3/15) Zot: 15638

Altars:

Annotations:
D:3 Ijyb


Innate Abilities, Weirdness & Mutations

You are partially covered in yellow scales. (AC +2)
You have large cloven feet.
You possess an exceptional clarity of mind.
Your spells are a little easier to cast, but a little less powerful.


Message History

Unknown command.
Casting: Sandblast (safe; 3% risk of failure)
Confirm with . or Enter, or press ? or * to list all spells.
Aiming: Sandblast (safe; 3% risk of failure)
Press: ? - help, Shift-Dir - straight line, f - ball python
Aim: a ball python (80% to hit)
The blast of sand hits something but does no damage.
You feel very sick. Something hits you!
* * * LOW HITPOINT WARNING * * *
You are more poisoned.
You feel better. Something hits you.
* * * LOW HITPOINT WARNING * * *
You are lethally poisoned!
Unknown command.
You feel better. Something hits you.
Casting: Sandblast (safe; 3% risk of failure)
Confirm with . or Enter, or press ? or * to list all spells.
Aiming: Sandblast (safe; 3% risk of failure)
Press: ? - help, Shift-Dir - straight line, f/p - ball python
Aim: a ball python (80% to hit)
The blast of sand hits something but does no damage.
You hear a zap.
The roots erupt in riotous growth!
The grasping roots grab you!
You are constricted.
Something hits you.
* * * LOW HITPOINT WARNING * * *
You are lethally poisoned!
You are constricted.
* * * LOW HITPOINT WARNING * * *
Unknown command.
It was a potion of mutation.
You feel extremely strange.
Your feet thicken and deform.
Your connection to magic feels subdued.
Your thoughts seem clearer.
* * * LOW HITPOINT WARNING * * *
You feel sick. Something hits you.
* * * LOW HITPOINT WARNING * * *
You are more poisoned.
You are constricted!
You die...

###########
#.........#####
#.#######.....#
#@# #.###.#### #{#
#####.###.##.. #S#
#.............
#.###.###.#...##..
#...........#.....
#..##.##..##.###.#
#.< ....##.⌠.###.
##.####.####.#.###
###..#.###.#.#.


You could see a ball python.

Vanquished Creatures
  A hound (D:3)
  3 adders (D:2)
  A worm (D:3)
  A dart slug (D:1)
  3 endoplasms
  3 giant cockroaches
  2 jackals (D:1)
  3 kobolds (D:2)
  2 quokkas (D:2)
  2 ball pythons (D:1)
  3 bats
  5 frilled lizards
  2 goblins
31 creatures vanquished.

Notes
Turn   | Place    | Note
-------+----------+-------------------------------------------
     0 | D:1      | protoss039 the Demonspawn Earth Elementalist began the
                  | quest for the Orb.
     0 | D:1      | Reached XP level 1. HP: 13/13 MP: 3/3
   279 | D:1      | Got Faicsuyps's Compendium of Chthonic Imprecation
   380 | D:1      | Gained mutation: You are partially covered in yellow
                  | scales. (AC +2) [demonic ancestry]
   380 | D:1      | Reached XP level 2. HP: 20/20 MP: 3/5
   805 | D:1      | Reached skill level 3 in Earth Magic
   841 | D:1      | Reached skill level 1 in Fighting
   943 | D:1      | Learned a level 2 spell: Passwall
  1111 | D:2      | Reached XP level 3. HP: 26/26 MP: 1/6
  2032 | D:2      | Learned a level 3 spell: Stone Arrow
  2127 | D:3      | Reached XP level 4. HP: 19/33 MP: 0/8
  2323 | D:3      | Noticed Ijyb
  2334 | D:3      | Gained mutation: You have large cloven feet. [potion of
                  | mutation]
  2334 | D:3      | Gained mutation: Your spells are a little easier to cast,
                  | but a little less powerful. [potion of mutation]
  2334 | D:3      | Gained mutation: You possess an exceptional clarity of
                  | mind. [potion of mutation]
  2334 | D:3      | Constricted to death by Ijyb

Illustrated notes

Levels and vault maps discovered:
D:1:      eino_arrival_tree_alley, layout_basic
D:2:      kennysheep_big_flooded_room, layout_basic
D:3:      layout_loops_cross, mrwooster_statue_mirror, grunt_decor_mini_mirrors,
          uniq_ijyb

Skill      XL: |  1  2  3 |
---------------+----------+-----
Earth Magic    | 3 |  3.5
Fighting       | 1 2 |  2.1
Dodging        | |  1.7
Stealth        | |  1.7
Spellcasting   | |  2.9
Transmutations | |  0.8

Action                   |  1- 3 |  4- 6 || total
-------------------------+-------+-------++-------
Melee: Dagger            |    21 |       ||    21
       Trident           |    18 |       ||    18
 Cast: Sandblast         |    42 |     6 ||    48
  Use: Scroll            |     2 |       ||     2
       Potion            |       |     4 ||     4
 Stab: Sleeping          |     1 |       ||     1
Armor: Robe              |    15 |       ||    15
Dodge: Dodged            |    31 |       ||    31
